 Dungeon Crawl Stone Soup version 0.31.0-32-g396128a36d (webtiles) character file.

Game seed: 18158898974923443424

3838 Lucherd the Cleaver (level 9, -11/135 HPs)
             Began as a Minotaur Fighter on Apr 15, 2024.
             Was a Follower of Okawaru.
             Mangled by an orc warrior
             ... wielding a +0 halberd
              (12 damage)
             ... in a bailey.
             The game lasted 00:06:12 (5614 turns).

Lucherd the Cleaver (Minotaur Fighter)              Turns: 5614, Time: 00:06:13

Health: -11/135    AC:  8    Str: 27    XL:     9   Next: 98%
Magic:  0/9        EV:  9    Int:  5    God:    Okawaru [*.....]
Gold:   333        SH:  4    Dex: 10    Spells: 8/8 levels left

rFire   . . .        w - +9 hand axe "Tyimao" {flame, Str+2}
rCold   . . .        c - +0 buckler
rNeg    . . .        b - +0 scale mail
rPois   .            (helmet restricted)
rElec   .            r - +0 cloak
rCorr   .            (no gloves)
SInv    +            (no boots)
Will    +....        K - amulet of guardian spirit Stlth
                     L - ring of willpower
HPRegen 0.42/turn    u - ring of see invisible
MPRegen 0.11/turn

%: guardian spirit
@: berserking, very quick
A: horns 2, retaliatory headbutt
a: Renounce Religion, Heroism


You were in a bailey.
You worshipped Okawaru.
Okawaru was aware of your devotion.
You visited 2 branches of the dungeon, and saw 8 of its levels.
You also visited: Ossuary and Bailey.

You collected 633 gold pieces.
You spent 300 gold pieces at shops.

Inventory:

Hand Weapons
 a - a +0 war axe
 w - the +9 hand axe "Tyimao" (weapon) {flame, Str+2}
   (You found it on level 4 of the Dungeon)

   Str+2:     It affects your strength (+2).
Missiles
 y - 4 throwing nets (quivered)
Armour
 b - a +0 scale mail (worn)
 c - a +0 buckler (worn)
 r - a +0 cloak (worn)
Jewellery
 u - a ring of see invisible (right hand)
 J - a ring of ice
 K - an amulet of guardian spirit (around neck)
 L - a ring of willpower (left hand)
Wands
 n - a wand of roots (20)
Scrolls
 e - 5 scrolls of identify {unknown}
 f - 2 scrolls of immolation {unknown}
 l - 4 scrolls of teleportation {unknown}
 m - 4 scrolls of noise {unknown}
 q - 2 scrolls of enchant armour {unknown}
 s - 3 scrolls of poison {unknown}
 x - a scroll of amnesia {unknown}
 A - a scroll of acquirement {unknown}
 C - a scroll of vulnerability {unknown}
 E - a scroll of silence {unknown}
 G - a scroll of revelation {unknown}
 H - 2 scrolls of blinking {unknown}
Potions
 d - 3 potions of might
 g - 5 potions of curing {unknown}
 h - 2 potions of berserk rage
 i - 5 potions of brilliance {unknown}
 j - 4 potions of haste {unknown}
 k - 2 potions of heal wounds {unknown}
 o - 3 potions of lignification {unknown}
 p - 3 potions of attraction {unknown}
 t - a potion of enlightenment {unknown}
 v - 2 potions of mutation {unknown}
 z - 4 potions of magic {unknown}
 B - 4 potions of resistance {unknown}
 D - a potion of ambrosia {unknown}
 F - a potion of degeneration {unknown}
 I - 3 potions of cancellation {unknown}


   Skills:
 + Level 12.1 Fighting
 + Level 12.1 Axes
 + Level 4.2 Armour
 + Level 4.2 Shields
 + Level 1.4 Invocations


You had 8 spell levels left.
You didn't know any spells.
Your spell library contained the following spells:

 Spells                   Type           Power      Damage    Failure   Level
 Fugue of the Fallen      Necr           0%         N/A       99%         3
 Ozocubu's Armour         Ice            0%         N/A       99%         3
 Manifold Assault         Tloc           0%         N/A       100%        4


Dungeon Overview and Level Annotations

Branches:
Dungeon (7/15)             Temple (1/1) D:6         Ossuary (visited)
 Bailey (1/1)

Altars:
Ashenzari
Cheibriados
Dithmenos
Elyvilon
Fedhas
Gozag
Kikubaaqudgha
Nemelex Xobeh
Okawaru
Qazlal
Ru
Sif Muna
Trog
Uskayaw
Vehumet
Xom
Yredelemnul
The Shining One

Shops:
D:2 =   D:7 *=

Annotations:
D:5 1 runed translucent door


Innate Abilities, Weirdness & Mutations

You have a pair of horns on your head.
You reflexively headbutt those who attack you in melee.


Message History

* * * LOW HITPOINT WARNING * * *
The orc warrior hits you with a +0 glaive!
* * * LOW HITPOINT WARNING * * *
The orc hits you but does no damage.
You slash the orc! You burn the orc.
You kill the orc!
Okawaru accepts your kill.
You slash the orc warrior! You burn the orc warrior. You hit the orc warrior.
You burn the orc warrior. You hit the orc. You burn the orc.
Unknown command.
You are too injured to fight recklessly!
You are too injured to fight recklessly!
You are too injured to fight recklessly!
Unknown command.
You barely miss the orc warrior.
The orc warrior is severely wounded.
You hit the orc warrior but do no damage.
You slash the orc! You burn the orc.
You kill the orc!
Okawaru accepts your kill.
The orc warrior hits you from afar with a +0 halberd!
* * * LOW HITPOINT WARNING * * *
The orc warrior hits you with a +0 trident.
* * * LOW HITPOINT WARNING * * *
The orc warrior completely misses you.
Unknown command.
It was a potion of berserk rage.
A red film seems to cover your vision as you go berserk!
You feel yourself moving faster!
You feel mighty! The orc warrior barely misses you.
The orc warrior closely misses you.
The orc warrior hits you with a +0 glaive!
* * * LOW HITPOINT WARNING * * *
You slice the orc warrior!! You burn the orc warrior.
You kill the orc warrior!
Okawaru accepts your kill.
You slash the orc warrior! You burn the orc warrior.
You kill the orc warrior!
Okawaru accepts your kill.
The orc warrior hits you from afar with a +0 halberd!
You die...

####### #####
...###..)o.#########....
....'.)@.)..#.....#.....
....'..))#).'.....'...##
....'.......'.....'....8
....'....#..'.....'..)##
....'.......#.....#...))
...###.....#########..).
### ####### #####


You could see an orc warrior.

Vanquished Creatures
  A two-headed ogre (D:6)
  Pikel (D:6)
  Menkaure (D:5)
  Duvessa (D:6)
  2 orc warriors (Bailey)
  An ice beast (D:6)
  A black bear (D:6)
  An ogre (D:6)
  A lemure (D:6)
  A centaur (D:7)
  2 phantoms
  A weeping skull (Ossuary)
  3 bullfrogs
  A gnoll sergeant (D:6)
  5 scorpions (D:5)
  4 water moccasin zombies (Ossuary)
  7 wights
  Dowan (D:6)
  A howler monkey (D:5)
  3 jellies
  An orc priest (D:6)
  2 hounds
  3 iguanas (D:6)
  2 sleepcaps (D:6)
  7 orc wizards
  3 crocodile zombies (Ossuary)
  3 mummies
  3 gnolls (D:6)
  5 adders
  2 white imps
  2 ufetubi (D:5)
  2 adder zombies (Ossuary)
  2 ribbon worms (D:4)
  A dart slug (D:1)
  39 orcs
  7 ball pythons
  7 endoplasms
  7 giant cockroaches
  9 gnoll zombies (Ossuary)
  13 goblins
  7 hobgoblins
  2 jackals (D:1)
  6 kobolds
  3 quokkas
  7 bats
  4 frilled lizards
  3 jackal zombies (Ossuary)
  2 orc zombies (Ossuary)
  5 rats
  3 butterflies (D:5)
201 creatures vanquished.

Notes
Turn   | Place    | Note
-------+----------+-------------------------------------------
     0 | D:1      | Lucherd the Minotaur Fighter began the quest for the Orb.
     0 | D:1      | Reached XP level 1. HP: 19/19 MP: 0/0
   113 | D:1      | Reached XP level 2. HP: 25/27 MP: 1/1
   349 | D:1      | Found a faded altar of an unknown god.
   622 | D:1      | Reached XP level 3. HP: 34/34 MP: 2/2
   900 | D:2      | Found Ixto's Jewellery Emporium.
  1922 | D:3      | Reached XP level 4. HP: 41/41 MP: 3/3
  2102 | D:3      | Reached skill level 5 in Fighting
  2390 | D:4      | Found a shimmering blue altar of Sif Muna.
  2465 | D:4      | Found an iron altar of Okawaru.
  2481 | D:4      | Found a broken altar of Ashenzari.
  2525 | D:4      | Identified the +9 hand axe "Tyimao" {flame, Str+2}
  2620 | D:4      | Found a sand-covered staircase.
  2632 | Ossuary  | Entered an ossuary
  2647 | Ossuary  | Reached XP level 5. HP: 48/48 MP: 4/4
  2655 | Ossuary  | Reached skill level 5 in Axes
  2749 | Ossuary  | Reached XP level 6. HP: 58/58 MP: 5/5
  2846 | Ossuary  | Reached XP level 7. HP: 66/66 MP: 6/6
  3184 | D:5      | Entered Level 5 of the Dungeon
  3397 | D:5      | Found a glowing golden altar of the Shining One.
  3397 | D:5      | Found a white marble altar of Elyvilon.
  3448 | D:5      | Found a runed translucent door.
  3451 | D:5      | Found a runed translucent door.
  3476 | D:5      | Identified the +5 sling of the Asp {elec, Str+4 Int+2}
  3485 | D:5      | Found a shadowy altar of Dithmenos.
  3508 | D:5      | Noticed Menkaure
  3512 | D:5      | Killed Menkaure
  3764 | D:5      | Reached XP level 8. HP: 59/75 MP: 7/7
  3889 | D:6      | Noticed Pikel
  3903 | D:6      | Killed Pikel
  3904 | D:6      | Reached skill level 10 in Fighting
  3907 | D:6      | Reached skill level 10 in Axes
  4086 | D:6      | Noticed Dowan
  4090 | D:6      | Noticed Duvessa
  4095 | D:6      | Reached XP level 9. HP: 62/86 MP: 8/8
  4105 | D:6      | Killed Dowan
  4107 | D:6      | Killed Duvessa
  4246 | D:6      | Found a staircase to the Ecumenical Temple.
  4320 | Temple   | Entered the Ecumenical Temple
  4385 | D:4      | Became a worshipper of Warmaster Okawaru
  4442 | D:6      | Noticed a two-headed ogre
  4449 | D:6      | Killed a two-headed ogre
  4673 | D:6      | Reached * piety under Okawaru
  4889 | D:6      | Found a hide-covered altar of Uskayaw.
  5273 | D:7      | Reached skill level 1 in Invocations
  5307 | D:7      | Found a bloodstained altar of Trog.
  5351 | D:7      | Found Zipsi's Assorted Antiques.
  5388 | D:7      | Found Kodiruokk's Jewellery Boutique.
  5397 | D:7      | Bought a ring of willpower for 300 gold pieces
  5408 | D:7      | Found a flagged portal.
  5435 | Bailey   | Entered a bailey
  5613 | Bailey   | HP: 1/135 [orc warrior/+0 glaive (7)]
  5614 | Bailey   | Mangled by an orc warrior

Illustrated notes

Levels and vault maps discovered:
D:1:      dpeg_arrival_pits, layout_loops_ring,
          hellmonk_ecumenical_altar_dog_temple, dreamdust_princess_corridor
D:2:      minmay_chambers_of_ones, layout_loops_cross, serial_shops, shop
D:3:      layout_basic, minmay_misc_feat_encased, kennysheep_nondescript,
          kennysheep_generic_room_12
D:4:      layout_basic, lemuel_doored_altar,
          mainiacjoe_overflow_six_doors_small, kennysheep_little_box,
          gup_ossuary_entry_pyramid, abandoned_shop, minmay_misc_feat_room,
          minmay_circle_x
D:5:      lemuel_insect_pit, layout_layer_cave, nicolae_dithmenos_the_darkroom,
          gammafunk_temple_overflow_wave, uniq_menkaure
D:6:      layout_cave_pods, lemuel_coloured_pillars_altar,
          minmay_temple_entry_sparse_star, st_stairs_2, uniq_duvessa, uniq_pikel
D:7:      layout_basic, kennysheep_mini_moat, enter_bailey_5, serial_shops,
          nicolae_take_the_stairs, nicolae_shop_hallway_stairs,
          nicolae_shop_real_fake_doors, shop, uniq_crazy_yiuf_cottage
Temple:   cyrus_temple_forest
Bailey:   bailey_polearm_5, bailey

Skill      XL: |  1  2  3  4  5  6  7  8  9 |
---------------+----------------------------+-----
Fighting       | 4 5 6 7 8 10 12 | 12.1
Axes           | 3 4 5 6 8 10 12 | 12.1
Armour         | 4 |  4.2
Shields        | 4 |  4.2
Invocations    | 1 |  1.4

Action                     |  1- 3 |  4- 6 |  7- 9 || total
---------------------------+-------+-------+-------++-------
  Melee: War axe           |    94 |    18 |       ||   112
         Headbutt          |    17 |    16 |    32 ||    65
         Hand axe          |       |    70 |   176 ||   246
    Use: Potion            |       |       |     2 ||     2
 Armour: Scale mail        |    53 |    37 |   148 ||   238
  Dodge: Dodged            |    39 |    29 |    86 ||   154
  Block: Buckler           |    23 |    14 |    44 ||    81
